 Dungeon Crawl Stone Soup version 0.31-a0-237-g2d982f9f85 (webtiles) character file.

Game seed: 15028500598220698795

57 qw the Shooter (level 3, -3/29 HPs)
             Began as a Minotaur Hexslinger on July 10, 2023.
             Killed by divine providence
             ... invoked by an orc priest
              (9 damage)
             ... on level 3 of the Dungeon.
             The game lasted 00:00:40 (1594 turns).

qw the Shooter (Minotaur Hexslinger)                Turns: 1594, Time: 00:00:40

Health: -3/29      AC:  5    Str: 12    XL:     3   Next: 73%
Magic:  3/3        EV: 11    Int: 10    God:
Gold:   25         SH:  0    Dex: 14    Spells: 3/4 levels left

rFire   . . .        Y - +1 sling
rCold   . . .        (no shield)
rNeg    . . .        b - +0 ring mail
rPois   .            (helmet restricted)
rElec   .            (no cloak)
rCorr   .            (no gloves)
SInv    .            (no boots)
Will    .....        (no amulet)
Stlth   +            (no ring)
HPRegen 0.24/turn    (no ring)
MPRegen 0.08/turn

%: no passive effects
@: no status effects
A: horns 2, retaliatory headbutt
a: no special abilities


You were on level 3 of the Dungeon.
You visited 1 branch of the dungeon, and saw 3 of its levels.

You collected 109 gold pieces.
You spent 84 gold pieces at shops.


Innate Abilities, Weirdness & Mutations

You have a pair of horns on your head.
You reflexively headbutt those who attack you in melee.


   Skills:
 - Level 2.0 Fighting
 + Level 4.1 Ranged Weapons
 - Level 1.0 Armour
 - Level 2.1 Dodging
 - Level 1.0 Spellcasting
 - Level 2.0 Hexes


You had 3 spell levels left.
You knew the following spells:

 Your Spells              Type           Power      Damage    Failure   Level
a - Slow                  Hex            16%        N/A       34%         1

Your spell library contained the following spells:

 Spells                   Type           Power      Damage    Failure   Level
 Inner Flame              Hex/Fire       2%         N/A       83%         3
 Portal Projectile        Hex/Tloc       4%         N/A       83%         3
 Cause Fear               Hex            2%         N/A       98%         4

Inventory:

Hand Weapons
 Y - a +1 sling (weapon)
Armour
 b - a +0 ring mail (worn)
Scrolls
 a - a scroll of identify
Potions
 d - a potion of haste
 e - a potion of enlightenment {unknown}
 g - 2 potions of curing
 k - a potion of resistance {unknown}

Dungeon Overview and Level Annotations

Branches:
Dungeon (3/15)

Altars:

Shops:
D:2 *


Message History

An orc priest comes into view. It is wielding a +0 hand axe.
The orc priest shouts!
You hear a shout!
The orc priest is attracted toward you.
You shoot a sling bullet. The sling bullet hits the orc priest.
The orc priest is lightly wounded.
The orc priest barely misses you.
You shoot a sling bullet.
The sling bullet barely misses the orc priest.
The orc priest barely misses you.
You shoot a sling bullet. The sling bullet hits the orc priest.
The orc priest is moderately wounded.
The orc priest mumbles some strange prayers to Beogh against you.
Pain shoots through your body!
You feel less attractive to monsters.
You shoot a sling bullet.
The sling bullet barely misses the orc priest.
The orc priest hits you but does no damage.
The orc priest hits you with a +0 hand axe.
You shoot a sling bullet. The sling bullet hits the orc priest.
The orc priest is moderately wounded.
The orc priest looks encouraged for a moment.
You shoot a sling bullet.
The sling bullet hits the orc priest but does no damage.
The orc priest is moderately wounded.
You shoot a sling bullet. The sling bullet hits the orc priest.
The orc priest is heavily wounded.
The orc priest hits you with a +0 hand axe.
The orc priest invokes the aid of Beogh against you.
Beogh smites you!
You shoot a sling bullet.
The sling bullet closely misses the orc priest.
The orc priest barely misses you. You furiously retaliate!
You headbutt the orc priest, but do no damage.
You shoot a sling bullet.
The sling bullet closely misses the orc priest.
The orc priest hits you with a +0 hand axe.
You shoot a sling bullet. The sling bullet hits the orc priest.
The orc priest is almost dead.
The orc priest invokes the aid of Beogh against you.
Beogh smites you!
You die...

.# ### #.# #.. #.#
#.# # #.# #.#
.###.#####.# #<#
.......o##.##
##.##
#@#...########....
#.................
###...########...#
##.###### ##.##
#....).#####.#
######.......#
#########


You could see an orc priest.

Vanquished Creatures
  An adder (D:2)
  3 worms
  4 ball pythons
  4 bats
  3 endoplasms
  A giant cockroach (D:2)
  3 goblins
  6 hobgoblins
  3 frilled lizards (D:1)
  4 kobolds (D:1)
  4 rats (D:1)
36 creatures vanquished.

Notes
Turn   | Place    | Note
-------+----------+-------------------------------------------
     0 | D:1      | qw the Minotaur Hexslinger began the quest for the Orb.
     0 | D:1      | Reached XP level 1. HP: 16/16 MP: 1/1
     0 | D:1      | 0 ||| qw: Version: 0.3-a-52-g30416fa
     0 | D:1      | 0 ||| qw: Game counter: 5351
     0 | D:1      | 0 ||| qw: Melee chars always use a shield: true
     0 | D:1      | 0 ||| qw: God list: Okawaru
     0 | D:1      | 0 ||| qw: Allow faded altars: false
     0 | D:1      | 0 ||| qw: Do Orc after clearing Dungeon:15 true
     0 | D:1      | 0 ||| qw: Do second Lair branch before Depths: true
     0 | D:1      | 0 ||| qw: Lair rune preference: random
     0 | D:1      | 0 ||| qw: Goals: Normal
     0 | D:1      | 0 ||| PLANNING D:1-11
    91 | D:1      | Reached skill level 3 in Ranged Weapons
    91 | D:1      | Reached XP level 2. HP: 19/23 MP: 2/2
   779 | D:1      | 779 ||| UPGRADING to +0 leather armour.
   789 | D:1      | 789 ||| DROPPING +0 robe.
   790 | D:1      | 790 ||| DROPPING amulet of magic regeneration.
   791 | D:1      | 791 ||| READING 3 scrolls labelled ESASODILOSM.
   792 | D:1      | 792 ||| READING scroll labelled QITTUT USCHYC.
   796 | D:1      | 796 ||| READING 2 scrolls of identify.
   796 | D:1      | 796 ||| IDENTIFYING emerald potion
   797 | D:1      | 797 ||| DROPPING scroll of poison.
   839 | D:2      | 839 ||| STAIRDANCE
   911 | D:2      | Reached XP level 3. HP: 29/29 MP: 3/3
   942 | D:2      | 942 ||| FLEEEEING.
   943 | D:2      | 943 ||| FLEEEEING.
   948 | D:2      | 948 ||| FLEEEEING.
   949 | D:2      | 949 ||| FLEEEEING.
   950 | D:2      | 950 ||| FLEEEEING.
   952 | D:2      | 952 ||| FLEEEEING.
   953 | D:2      | 953 ||| FLEEEEING.
   959 | D:2      | 959 ||| STAIRDANCE
  1022 | D:1      | 1022 ||| UPGRADING to +0 ring mail.
  1032 | D:1      | 1032 ||| DROPPING +0 leather armour.
  1033 | D:1      | 1033 ||| READING 3 scrolls of identify.
  1033 | D:1      | 1033 ||| IDENTIFYING fizzy purple potion
  1034 | D:1      | 1034 ||| READING 2 scrolls of identify.
  1034 | D:1      | 1034 ||| IDENTIFYING glowing dark potion
  1035 | D:1      | 1035 ||| DROPPING potion of berserk rage.
  1043 | D:2      | 1043 ||| STAIRDANCE
  1046 | D:1      | Reached skill level 4 in Ranged Weapons
  1236 | D:2      | Reached skill level 1 in Armour
  1468 | D:2      | Found Muryb's Assorted Antiques.
  1474 | D:2      | 1474 ||| SHOPLISTING glowing ring mail (196 gold, have
                  | 109).
  1474 | D:2      | 1474 ||| BUYING potion of curing (84 gold).
  1474 | D:2      | Bought a potion of curing for 84 gold pieces
  1474 | D:2      | 1474 ||| SHOPLISTING scratched gilded ring (140 gold, have
                  | 25).
  1474 | D:2      | 1474 ||| SHOPLISTING scroll labelled VONORHE KYICRA (28
                  | gold, have 25).
  1474 | D:2      | 1474 ||| SHOPLISTING scroll of identify (56 gold, have 25).
  1547 | D:2      | 1547 ||| DROPPING ring of magical power.
  1548 | D:2      | 1548 ||| READING scroll labelled YRINI MEHODI.
  1549 | D:2      | 1549 ||| READING scroll labelled DATIOKLOLOA.
  1550 | D:2      | 1550 ||| READING scroll labelled HANABOO BAZIE.
  1551 | D:2      | 1551 ||| DRINKING 2 bubbling purple potions.
  1552 | D:2      | 1552 ||| DROPPING potion of attraction.
  1591 | D:3      | HP: 6/29 [orc priest/divine providence (12)]
  1594 | D:3      | Killed from afar by an orc priest

Levels and vault maps discovered:
D:1:      nzn_arrival_crosshair, layout_loops_ring, minmay_hexomino_u4
D:2:      layout_loops_cross, serial_shops, shop, serial_bayou_pond_a
D:3:      layout_loops_ring

Skill      XL: |  1  2  3 |
---------------+----------+-----
Ranged Weapons | 3 4 |  4.1
Fighting       | 2 |  2.0
Armour         | 1 |  1.0
Dodging        | |  2.1
Spellcasting   | |  1.0
Hexes          | |  2.0

Action                     || total
---------------------------++-------
   Fire: Sling             ||   128
    Use: Scroll            ||     8
         Potion            ||     1
 Armour: Robe              ||     3
         Ring mail         ||     2
         Leather armour    ||     1
  Dodge: Dodged            ||    22

Table legend:
 A = Non-vault XP
 B = Vault XP
 C = Vault XP percentage of total XP
 D = Non-vault monster count
 E = Vault monster count
 F = Vault count percentage of total count
                 A         B        C        D         E       F
            +---------+---------+-------+---------+---------+-------
      Total |      79 |       3 |   3.7 |      33 |       3 |   8.3
            +---------+---------+-------+---------+---------+-------
        D:1 |      42 |       3 |   6.7 |      21 |       3 |  12.5
        D:2 |      37 |       0 |   0.0 |      12 |       0 |   0.0
            +---------+---------+-------+---------+---------+-------
